 Dungeon Crawl Stone Soup version 0.22.1-1-ga44c0e56f4 (webtiles) character file.

55 Jynx the Changer (level 3, 0/34 HPs)
             Began as an Octopode Transmuter on Nov 5, 2018.
             Succumbed to an adder's poison
             ... on level 2 of the Dungeon.
             The game lasted 00:02:35 (1882 turns).

Jynx the Changer (Octopode Transmuter)              Turns: 1882, Time: 00:02:35

Health: 0/34       AC:  1    Str: 14    XL:     3   Next: 93%
Magic:  3/7        EV: 13    Int: 15    God:
Gold:   72         SH:  0    Dex: 13    Spells: 2/8 levels left

rFire    . . .     SeeInvis .     - Unarmed
rCold    . . .     Gourm    .   (no shield)
rNeg     . . .     Faith    .   (helmet restricted)
rPois    .         Spirit   .   (no amulet)
rElec    .         Reflect  .   (no ring)
rCorr    .         Harm     .   (no ring)
MR       .....                  (no ring)
Stlth    ..........             (no ring)
HPRegen  0.11/turn              (no ring)
MPRegen  0.10/turn              (no ring)
                                (no ring)
                                (no ring)

@: berserking, lethally poisoned (0 -> -7), appendage (expiring), very slightly
contaminated, very quick
A: almost no armour, stealthy swim, amphibious, 8 rings, constrict 8, tentacle
spike 3, camouflage 1, gelatinous body 1
a: End Transformation


You were on level 2 of the Dungeon.
You were not hungry.
One of your tentacles had a temporary spike.
You visited 1 branch of the dungeon, and saw 2 of its levels.

You collected 72 gold pieces.

Inventory:

Missiles
 a - 11 arrows
Scrolls
 b - a scroll of identify
 d - a scroll of amnesia {unknown}
 e - a scroll of blinking {unknown}
 f - 2 scrolls of enchant armour {unknown}
 h - a scroll of remove curse {unknown}
 j - 2 scrolls of teleportation {unknown}
 k - a scroll of fog {unknown}
 l - a scroll of immolation {unknown}
 m - a scroll of fear {unknown}
Comestibles
 c - 2 rations
 i - a chunk of flesh


   Skills:
 - Level 1.0 Fighting
 - Level 2.0 Dodging
 - Level 3.0 Unarmed Combat
 + Level 3.0 Spellcasting
 + Level 3.2 Transmutations


You had 2 spell levels left.
You knew the following spells:

 Your Spells              Type           Power        Failure   Level  Hunger
a - Beastly Appendage     Tmut           ##....       5%          1    #......
b - Sticks to Snakes      Tmut           ##......     8%          2    ##.....
c - Spider Form           Tmut/Pois      #.........   30%         3    ###....

Your spell library contained the following spells:

 Spells                   Type           Power        Failure   Level  Hunger
 Ice Form                 Ice/Tmut       #.......     71%         4    #####..
 Blade Hands              Tmut           ##........   82%         5    ######.


Dungeon Overview and Level Annotations

Branches:
Dungeon (2/15)

Altars:


Innate Abilities, Weirdness & Mutations

You cannot wear most types of armour.
You are very stealthy in the water. (Stealth+)
You are amphibious.
You can wear up to eight rings at the same time.
You can use your tentacles to constrict eight enemies at once.
Your skin changes colour to match your surroundings (Stealth+).
Your rubbery body absorbs attacks. (AC +1, EV +1)
One of your tentacles bears a large vicious spike.


Message History

The adder poisons you!
Your ball python bites the bat.
Your ball python constricts the bat.
The bat hits your ball python. The adder barely misses you.
You completely miss the adder. Your grab misses the adder.
Your squeeze misses the adder.
The adder is almost dead.
The bat barely misses your ball python. The bat hits your ball python.
Your ball python dies!
The adder bites you.
* * * LOW HITPOINT WARNING * * *
You barely miss the adder. Your grab misses the adder.
You pierce the adder, but do no damage.
The adder is almost dead.
* * * LOW HITPOINT WARNING * * *
You feel sick. The bat hits you.
* * * LOW HITPOINT WARNING * * *
The bat barely misses you. The adder misses you.
A red film seems to cover your vision as you go berserk!
You feel yourself moving faster!
You feel mighty!
You die...

### ### ###### #.. ..#
#....# #.# #.# #....# #.#
#.# #b...#
###.###.########@...#
...............S.>..#
#.#[###.#######.....######
# #.. #... #..).......#
###.####.# #..........# ..
# #####......# .#
........รท...# .#
#####.......# #
##......#####


You could see an adder and a bat.

Vanquished Creatures
  2 adders (D:2)
  3 leopard geckos
  2 giant cockroaches (D:1)
  4 goblins
  3 hobgoblins
  4 kobolds (D:1)
  A quokka (D:2)
  4 bats
  8 frilled lizards
  5 rats
36 creatures vanquished.

Notes
Turn   | Place    | Note
-------+----------+-------------------------------------------
     0 | D:1      | Jynx the Octopode Transmuter began the quest for the Orb.
     0 | D:1      | Reached XP level 1. HP: 13/13 MP: 3/3
   217 | D:1      | Reached XP level 2. HP: 14/18 MP: 5/5
  1227 | D:2      | Reached XP level 3. HP: 19/23 MP: 4/6
  1626 | D:2      | Learned a level 2 spell: Sticks to Snakes
  1630 | D:2      | Learned a level 3 spell: Spider Form
  1881 | D:2      | HP: 1/23 [bat (1)]
  1882 | D:2      | Succumbed to an adder's poison

Skill      XL: |  1  2  3 |
---------------+----------+-----
Transmutations | 3 |  3.2
Spellcasting   | 3 |  3.0
Fighting       | |  1.0
Dodging        | |  2.0
Unarmed Combat | |  3.0

Action                   || total
-------------------------++-------
Melee: Unarmed           ||    84
       Tentacles         ||     8
       Constrict         ||    20
       Kick              ||    14
       Punch             ||     4
 Cast: Beastly Appendage ||    24
       Sticks to Snakes  ||     1
  Use: Scroll            ||     1
       Potion            ||     1
 Stab: Sleeping          ||    13
  Eat: Chunk             ||     3
Armor: Skin              ||    21
Dodge: Dodged            ||    76
